 Dungeon Crawl Stone Soup version 0.18-a0-1539-g1c7284a (webtiles) character file.

53 Kidiri the Conjurer (level 3, -5/20 HPs)
             Began as a Deep Elf Conjurer on Mar 9, 2016.
             Slain by Sigmund
             ... wielding a +0 scythe
              (13 damage)
             ... on level 2 of the Dungeon.
             The game lasted 00:07:18 (1797 turns).

Kidiri the Conjurer (Deep Elf Conjurer)             Turns: 1797, Time: 00:07:18

Health: -5/20      AC:  2    Str:  5    XL:     3   Next: 64%
Magic:  0/10       EV: 13    Int: 20    God:
Gold:   36         SH:  0    Dex: 15    Spells: 3 memorised, 3 levels left

rFire  . . .     SeeInvis .     g - +1 short sword
rCold  . . .     Gourm    .     a - +0 robe
rNeg   . . .     Faith    .     (no shield)
rPois  .         Spirit   .     (no helmet)
rElec  .         Dismiss  +     (no cloak)
rCorr  .         Reflect  .     (no gloves)
SustAt .         Harm     .     (no boots)
MR     .....                    f - amulet of dismissal
Stlth  ++........               (no ring)
                                (no ring)

@: very slightly contaminated, not resistant to hostile enchantments, unstealthy
A: no striking features
a: no special abilities


You were on level 2 of the Dungeon.
You were not hungry.

You visited 1 branch of the dungeon, and saw 2 of its levels.

You collected 36 gold pieces.

Inventory:

Hand Weapons
 g - a +1 short sword (weapon)
Armour
 a - a +0 robe (worn)
Jewellery
 f - an amulet of dismissal (around neck)
Scrolls
 d - a scroll of identify {unknown}
Books
 b - a book of Conjurations

   Spells                             Type                      Level
   a - Magic Dart                     Conjuration                  1
   b - Searing Ray                    Conjuration                  2
   c - Dazzling Spray                 Conjuration/Hexes            3
   d - Fulminant Prism                Conjuration/Hexes            4
   e - Iskenderun's Mystic Blast      Conjuration                  4
   f - Iskenderun's Battlesphere      Conjuration/Charms           5


   Skills:
 + Level 1.0 Fighting
 + Level 0.0 Short Blades
 + Level 3.1 Dodging
 + Level 2.9 Stealth
 * Level 3.6 Spellcasting
 + Level 4.6 Conjurations
 + Level 1.0 Hexes


You had 3 spell levels left.
You knew the following spells:

 Your Spells              Type           Power        Failure   Level  Hunger
a - Magic Dart            Conj           ###.         1%          1    None
b - Searing Ray           Conj           ###...       2%          2    ##.....
c - Dazzling Spray        Conj/Hex       ###.....     14%         3    ###....


Dungeon Overview and Level Annotations

Branches:
Dungeon (2/15)

Altars:

Annotations:
D:2 Sigmund


Message History

Sigmund misses you.
You hit Sigmund.
Sigmund is severely wounded.
Sigmund hits you with a scythe!
Ouch! That really hurt!
Casting: Searing Ray
Confirm with . or Enter, or press ? or * to list all spells.
Aiming: Magic Dart
Press: ? - help, Shift-Dir - straight line, f/p - Sigmund
Aim: Sigmund, wielding a scythe and wearing a robe (severely wounded)
The magic dart hits Sigmund.
Sigmund is severely wounded.
You closely miss Sigmund.
Sigmund is severely wounded.
Sigmund casts a spell.
Sigmund flickers and vanishes!
You hit something. Something barely misses you.
You hit something. Something hits you!
Ouch! That really hurt!
You die...

##### #..<# #@###
#{# #.# #.#
########## #.#
#........### #.#
#.######.#.####.#
#.# #.#......#
##.######.#.######


There were no monsters in sight!

Vanquished Creatures
  An ooze (D:1)
  3 dart slugs (D:1)
  A giant gecko (D:2)
  4 giant cockroaches
  A goblin (D:1)
  8 hobgoblins
  3 jackals (D:1)
  A quokka (D:2)
  A giant newt (D:1)
  8 kobolds
  7 rats
38 creatures vanquished.

Notes
Turn   | Place    | Note
--------------------------------------------------------------
     0 | D:1      | Kidiri the Deep Elf Conjurer began the quest for the Orb.
     0 | D:1      | Reached XP level 1. HP: 10/10 MP: 6/6
   193 | D:1      | Reached XP level 2. HP: 11/16 MP: 0/8
   388 | D:1      | Learned a level 2 spell: Searing Ray
   808 | D:1      | Reached XP level 3. HP: 20/20 MP: 8/10
   813 | D:1      | Learned a level 3 spell: Dazzling Spray
  1095 | D:1      | Reached skill level 1 in Fighting
  1591 | D:2      | Reached skill level 1 in Hexes
  1596 | D:2      | Noticed Sigmund
  1797 | D:2      | Slain by Sigmund

Vault maps used:
D:1:      lemuel_arrival_hallway
D:2:      first_bread, st_stairs_14, minmay_goblin_kobold_house, uniq_sigmund

Skill      XL: |  1  2  3 |
---------------+----------+-----
Fighting       | 1 |  1.0
Dodging        | 3 |  3.1
Hexes          | 1 |  1.0
Stealth        | |  2.9
Spellcasting   | |  3.6
Conjurations   | |  4.6

Action                   || total
-------------------------++-------
Melee: Unarmed           ||    13
       Short sword       ||    19
 Cast: Magic Dart        ||    77
       Dazzling Spray    ||     1
       Searing Ray       ||     1
  Use: Scroll            ||     3
       Potion            ||     1
  Eat: Bread ration      ||     1
